 Dungeon Crawl Stone Soup version 0.22.1-1-ga44c0e56f4 (webtiles) character file.

2987 Gargoyl the Chopper (level 9, -5/75 HPs)
             Began as a Centaur Abyssal Knight on Oct 20, 2018.
             Was an Elder of Lugonu.
             Slain by an orc warrior
             ... wielding a +0 war axe
              (10 damage)
             ... in a bailey.
             The game lasted 00:22:37 (7333 turns).

Gargoyl the Chopper (Centaur Abyssal Knight)        Turns: 7333, Time: 00:22:38

Health: -5/75      AC: 21    Str: 22    XL:     9   Next: 53%
Magic:  13/13      EV:  4    Int: 11    God:    Lugonu [****..]
Gold:   320        SH:  0    Dex: 10    Spells: 8/8 levels left

rFire    . . .     SeeInvis +   A - +3 battleaxe (chop)
rCold    + . .     Gourm    .   (shield currently unavailable)
rNeg     . . .     Faith    .   t - +3 chain mail
rPois    .         Spirit   .   (no helmet)
rElec    .         Reflect  .   v - +0 cloak
rCorr    .         Harm     .   n - +2 pair of gloves
MR       .....                  y - +0 centaur barding {rC+}
Stlth    ..........             z - amulet of rage
HPRegen  0.22/turn              d - ring of see invisible
MPRegen  0.13/turn              s - ring of flight

@: mighty, berserk cooldown, flying (expiring), very quick
A: large, hooves 3, deformed body, speed 2, tough skin 3
a: Depart the Abyss, Bend Space, Banish, Corrupt, Renounce Religion, Evoke
Berserk Rage, Stop Flying


You were in a bailey.
You worshipped Lugonu.
Lugonu was greatly pleased with you.
You were not hungry.

You visited 1 branch of the dungeon, and saw 7 of its levels.
You visited the Abyss 1 time.
You also visited: Bailey.

You collected 320 gold pieces.

Inventory:

Hand Weapons
 a - a +2 hand axe
 A - a +3 battleaxe of chopping (weapon)
Missiles
 e - 5 javelins of returning (quivered)
Armour
 n - a +2 pair of gloves (worn)
 t - a +3 chain mail (worn)
 v - a +0 cloak (worn)
 y - a +0 centaur barding of cold resistance (worn)
Jewellery
 b - an uncursed ring of magical power
 d - a ring of see invisible (left hand)
 s - a ring of flight (right hand)
 z - an amulet of rage (around neck)
Wands
 l - a wand of acid (4)
 w - a wand of paralysis (16)
 x - a wand of flame (21)
 C - a wand of clouds (8)
 F - a wand of random effects (36)
Scrolls
 g - 2 scrolls of identify
 o - 8 scrolls of remove curse
 B - a scroll of fear
 D - a scroll of teleportation
 E - a scroll of blinking
Potions
 f - a potion of agility {unknown}
 h - a potion of might
 i - 3 potions of heal wounds
 j - a potion of degeneration {unknown}
 k - 3 potions of curing
 m - 4 potions of lignification {unknown}
 p - 2 potions of flight
 q - a potion of haste
 r - a potion of mutation {unknown}
 u - a potion of cancellation {unknown}
Comestibles
 c - 10 rations


   Skills:
 + Level 5.7 Fighting
 + Level 7.6 Axes
 + Level 1.0 Throwing
 * Level 5.2 Armour
 + Level 1.6 Dodging
 * Level 6.4 Invocations
 + Level 1.9 Evocations


You had 8 spell levels left.
You didn't know any spells.
Your spell library contained the following spells:

 Spells                   Type           Power        Failure   Level  Hunger
 Animate Skeleton         Necr           N/A          95%         1    ##.....
 Pain                     Necr           #...         95%         1    ##.....
 Regeneration             Chrm/Necr      #.........   100%        3    ####...
 Vampiric Draining        Necr           #.........   100%        3    ####...
 Animate Dead             Necr           N/A          100%        4    #####..


Dungeon Overview and Level Annotations

Branches:
Dungeon (7/15)             Temple (0/1) D:6

Altars:
Ashenzari
Fedhas
Kikubaaqudgha
Makhleb
Nemelex Xobeh
Yredelemnul
Zin

Shops:
D:5 [   D:6 :


Innate Abilities, Weirdness & Mutations

You have hooves in place of feet.
Armour fits poorly on your strangely shaped body.
You cover ground very quickly.
You have extremely tough skin. (AC +3)


Message History

There is an open gate here.
There is a gate leading back out of this place here.
There is an empty arch of ancient stone here.
You feel very mighty all of a sudden.
You closely miss the orc warrior.
You are starting to lose your buoyancy.
The orc warrior hits you but does no damage.
The orc warrior completely misses you.
You closely miss the orc warrior. Your kick misses the orc warrior.
You slash the orc warrior!
You feel yourself speed up.
The orc warrior hits you with a war axe! x3
* * * LOW HITPOINT WARNING * * *
You slash the orc warrior! Your kick misses the orc warrior.
The orc warrior is heavily wounded.
You closely miss the orc warrior.
The orc warrior hits you with a war axe!
* * * LOW HITPOINT WARNING * * *
The orc warrior hits you with a war axe!
You die...

####### ##..@..##
#..oo...# #.......#
##..∩..## ##'''##
#...# ####..(####
##≈...(...≈##
#####≈≈......(≈≈#####


You could see 2 orc warriors.

Vanquished Creatures
  An orc knight (Bailey)
  Prince Ribbit (D:5)
  Edmund (D:6)
  2 orc warriors
  2 phantoms
  5 centaurs
  A bullfrog (D:5)
  Blork the orc (D:4)
  A wyvern skeleton (D:7)
  3 scorpions
  A vampire bat (D:6)
  2 howler monkeys
  3 crimson imps
  3 hounds
  A jelly (D:5)
  3 orc priests
  7 orc wizards
  An iguana (D:6)
  5 worker ants
  Ijyb (D:4)
  A hound zombie (D:5)
  2 hound skeletons
  8 adders
  4 gnolls (D:4)
  4 worms
  2 dart slugs
  8 leopard geckos
  29 orcs
  4 bats
  3 bat skeletons (D:6)
  2 bat zombies (D:6)
  5 giant cockroaches
  6 goblins
  9 hobgoblins
  18 jackals
  2 ball pythons
  5 frilled lizards
  16 kobolds
  6 rats
179 creatures vanquished.

Vanquished Creatures (others)
  A fungus (D:5)
1 creature vanquished.

Grand Total: 180 creatures vanquished

Notes
Turn   | Place    | Note
-------+----------+-------------------------------------------
     0 | Abyss:1  | Gargoyl the Centaur Abyssal Knight began the quest for the
                  | Orb.
     0 | Abyss:1  | Reached XP level 1. HP: 19/19 MP: 2/2
    52 | Abyss:1  | Noticed a raiju
    56 | D:1      | Escaped the Abyss
   392 | D:1      | Reached XP level 2. HP: 26/26 MP: 3/3
   519 | D:1      | Reached * piety under Lugonu
   519 | D:1      | Reached skill level 2 in Axes
  1391 | D:2      | Reached XP level 3. HP: 31/31 MP: 4/4
  1772 | D:2      | Found a faded altar of an unknown god.
  1867 | D:2      | Reached ** piety under Lugonu
  2445 | D:3      | Reached XP level 4. HP: 27/40 MP: 5/5
  2685 | D:3      | Reached skill level 1 in Dodging
  2685 | D:3      | Reached XP level 5. HP: 46/46 MP: 7/7
  2915 | D:3      | Reached skill level 3 in Axes
  3208 | D:3      | Found a blossoming altar of Fedhas.
  3531 | D:4      | Reached XP level 6. HP: 49/52 MP: 8/8
  3578 | D:4      | Found a burning altar of Makhleb.
  3585 | D:4      | Found a glowing silver altar of Zin.
  3585 | D:4      | Noticed an angel
  3585 | D:4      | Noticed a balrug
  3613 | D:4      | Noticed Blork the orc
  3623 | D:4      | Killed Blork the orc
  3690 | D:4      | Reached *** piety under Lugonu
  3690 | D:4      | Reached skill level 4 in Axes
  3943 | D:4      | Noticed Ijyb
  3961 | D:4      | Killed Ijyb
  3961 | D:4      | Reached XP level 7. HP: 31/59 MP: 9/9
  4178 | D:4      | Found a sparkling altar of Nemelex Xobeh.
  4200 | D:5      | Entered Level 5 of the Dungeon
  4397 | D:5      | Identified a scroll of acquirement
  4494 | D:5      | Noticed Prince Ribbit
  4513 | D:5      | Killed Prince Ribbit
  4521 | D:5      | Reached skill level 5 in Axes
  4521 | D:5      | Reached skill level 1 in Evocations
  4844 | D:5      | Found Batorgh's Antique Armour Boutique.
  4856 | D:5      | Reached XP level 8. HP: 67/67 MP: 11/11
  4904 | D:5      | Reached skill level 5 in Invocations
  4999 | D:5      | Found a shattered altar of Ashenzari.
  5159 | D:5      | Saw a vision of the Swamp and the Snake Pit.
  5159 | D:5      | Noticed a black mamba
  5159 | D:5      | Noticed a naga sharpshooter
  5159 | D:5      | Noticed a mana viper
  5159 | D:5      | Noticed a shock serpent
  5159 | D:5      | Noticed a black mamba
  5159 | D:5      | Noticed an alligator
  5159 | D:5      | Noticed an alligator
  5160 | D:5      | Noticed a naga warrior
  5160 | D:5      | Noticed a black mamba
  5319 | D:6      | Noticed Edmund
  5335 | D:6      | Killed Edmund
  5509 | D:6      | Reached skill level 6 in Axes
  6158 | D:6      | Found Nonefihu's Book Shop.
  6238 | D:6      | Reached **** piety under Lugonu
  6239 | D:6      | Found an ancient bone altar of Kikubaaqudgha.
  6421 | D:6      | Found a staircase to the Ecumenical Temple.
  6438 | D:6      | Found a burning altar of Makhleb.
  6438 | D:6      | Noticed a cacodemon
  6458 | D:6      | Reached skill level 5 in Fighting
  6640 | D:7      | Reached XP level 9. HP: 74/74 MP: 13/13
  6704 | D:7      | Reached skill level 1 in Throwing
  6862 | D:7      | Found a basalt altar of Yredelemnul.
  7006 | D:7      | Reached skill level 7 in Axes
  7006 | D:7      | Reached skill level 5 in Armour
  7115 | D:7      | Found a flagged portal.
  7124 | Bailey   | Entered a bailey
  7290 | Bailey   | Noticed an orc knight
  7301 | Bailey   | Killed an orc knight
  7333 | Bailey   | Slain by an orc warrior

Skill      XL: |  1  2  3  4  5  6  7  8  9 |
---------------+----------------------------+-----
Axes           | 2 3 4 5 6 7 |  7.6
Armour         | 2 3 4 5 |  5.2
Dodging        | 1 |  1.6
Invocations    | 3 4 5 6 |  6.4
Fighting       | 4 5 |  5.7
Evocations     | 1 |  1.9
Throwing       | 1 |  1.0

Action                   |  1- 3 |  4- 6 |  7- 9 || total
-------------------------+-------+-------+-------++-------
Melee: Hand axe          |   116 |   109 |       ||   225
       Kick              |    20 |    27 |    40 ||    87
       Battleaxe         |       |    15 |   220 ||   235
Throw: Javelin           |       |       |    10 ||    10
Invok: Depart the Abyss  |     1 |       |       ||     1
       Bend Space        |       |       |     2 ||     2
 Abil: Evoke Berserk Rag |       |     2 |     2 ||     4
       Evoke Flight      |       |       |     3 ||     3
  Use: Scroll            |     4 |     7 |     8 ||    19
       Potion            |       |     3 |     1 ||     4
  Eat: Chunk             |     3 |     3 |    10 ||    16
       Ration            |       |     1 |     1 ||     2
Armor: Leather armour    |    40 |     3 |       ||    43
       Chain mail        |       |   127 |   286 ||   413
Dodge: Dodged            |    56 |    42 |    61 ||   159
